Map: Lerilak Crest

Players

LilDicky - Winner!

  • Race: Terran Terran
  • League: Diamond

killerb

  • Race: Protoss Protoss

VOD

http://www.twitch.tv/tumescentpie

Description

Time

  • Played on: Dec. 23, 2015, 8:35 p.m.
  • Length: 7:54
Show
View Real Time Build Order
Export as new Build Order

LilDicky Terran - Winner!

Build Orders: MMM Bio 

Get SALT Encoding   

  12  0:02  SCV  
  13  0:14  SCV  
  14  0:17  Supply Depot  
  14  0:27  SCV  
  15  0:30  Refinery  
  15  0:39  SCV  
  16  0:47  Barracks  
  16  0:51  SCV  
  17  1:03  SCV  
  18  1:16  SCV  
  19  1:28  SCV  
  20  1:46  Factory  
  20  1:48  Supply Depot, Marine  
  20  1:52  Orbital Command  
  21  2:08  Marine  
  22  2:18  SCV, Barracks  
  22  2:19  Barracks  
  23  2:23  Refinery  
  23  2:28  Barracks Reactor  
  23  2:35  SCV  
  24  2:47  SCV  
  24  2:48  Widow Mine  
  26  2:59  SCV  
  27  3:09  Supply Depot, Barracks Tech Lab x2  
  27  3:11  SCV  
  27  3:12  Marine x2  
  30  3:24  SCV  
  31  3:30  Combat Shields, Stimpack, Widow Mine  
  31  3:31  Marine x2  
  35  3:35  Marine x2  
  37  3:43  SCV  
  37  3:47  Supply Depot  
  38  3:49  Reaper  
  39  4:07  Marine x2  
  39  4:08  Marine  
  39  4:09  Starport  
  40  4:14  Supply Depot  
  40  4:15  SCV  
  41  4:24  Marine  
  41  4:25  Marine  
  43  4:39  Marine x2  
  43  4:42  Marine  
  46  4:47  Medivac  
  46  4:50  Marine  
  46  4:51  Supply Depot  
  49  4:57  Marine x2  
  49  4:59  Widow Mine  
  51  5:00  Marine  
  53  5:22  Marine x4  
  53  5:25  Medivac  
  53  5:26  SCV  
  53  5:28  Widow Mine  
  58  5:32  Supply Depot  
  54  6:17  Marine x3  
  54  6:18  SCV, Marauder  
  54  6:24  Medivac  
  54  6:26  Widow Mine  
  54  6:30  SCV  
  54  6:35  Command Center, Marine x2  
  54  6:42  Marine x2  
  54  6:43  SCV  
Show
View Real Time Build Order
Export as new Build Order

killerb Protoss 

Build Orders: 1 Gate Expand 

Get SALT Encoding   

  12  0:02  Probe (Chrono Boost)  
  13  0:12  Probe (Chrono Boost)  
  14  0:21  Pylon  
  14  0:24  Probe (Chrono Boost)  
  15  0:39  Probe (Chrono Boost)  
  15  0:42  Gateway  
  16  0:49  Probe (Chrono Boost)  
  17  1:00  Probe (Chrono Boost)  
  18  1:15  Nexus  
  18  1:20  Probe (Chrono Boost)  
  19  1:38  Cybernetics Core  
  19  1:41  Assimilator  
  19  1:42  Probe (Chrono Boost)  
  19  1:45  Assimilator  
  20  1:54  Pylon  
  20  2:04  Probe (Chrono Boost)  
  21  2:15  Probe (Chrono Boost)  
  22  2:18  Warp Gate  
  22  2:21  Adept  
  24  2:26  Probe (Chrono Boost)  
  26  2:37  Probe (Chrono Boost), Gateway  
  26  2:38  Probe (Chrono Boost)  
  27  2:47  Probe (Chrono Boost)  
  27  2:48  Probe (Chrono Boost)  
  29  2:58  Probe (Chrono Boost)  
  30  2:59  Mothership Core (Chrono Boost)  
  32  3:07  Adept  
  32  3:08  Probe (Chrono Boost)  
  35  3:18  Probe (Chrono Boost), Pylon  
  35  3:19  Probe (Chrono Boost)  
  37  3:26  Adept  
  39  3:28  Probe (Chrono Boost)  
  39  3:29  Probe (Chrono Boost), Pylon  
  37  3:39  Probe (Chrono Boost)  
  37  3:40  Probe (Chrono Boost)  
  39  3:49  Robotics Facility  
  37  4:04  Adept  
  39  4:23  Forge  
  39  4:25  Probe x2 (Chrono Boost)  
  41  4:32  Adept  
  41  4:35  Probe (Chrono Boost)  
  42  4:46  Observer  
  42  5:07  Observer  
  39  5:16  Probe x2 (Chrono Boost)  
  41  5:25  Assimilator  
  41  5:27  Probe x2 (Chrono Boost)  
  43  5:29  Observer, Assimilator  
  43  5:32  Gateway  
  43  5:35  Gateway  
  44  5:37  Probe x2 (Chrono Boost)  
  39  5:48  Probe (Chrono Boost)  
  31  6:04  Pylon  
  31  6:06  Adept  
Tags
 
Add a new tag
Caveats
  • Supply blocks, unpowered buildings, or Contaminate may cause inaccurate times.
  • Supply counts are checked every 10 seconds.